 Dungeon Crawl Stone Soup version 0.31.0-32-g396128a36d (webtiles) character file.

Game seed: 8365427753904053024

280 TacoSundae the Cutter (level 6, 0/44 HPs)
             Began as a Djinni Gladiator on Apr 11, 2024.
             Was a Follower of Dithmenos.
             Slain by a crocodile (7 damage)
             ... in a sewer.
             The game lasted 00:10:04 (2058 turns).

TacoSundae the Cutter (Djinni Gladiator)            Turns: 2058, Time: 00:10:05

Health: 0/44       AC:  4    Str: 13    XL:     6   Next: 52%
Gold:   119        EV: 14    Int:  9    God:    Dithmenos [*.....] SH:  0 Dex: 23

rFire   + + .        a - +0 rapier
rCold   x . .        (no shield)
rNeg    . . .        b - +0 leather armour
rPois   ∞            c - +0 helmet
rElec   .            (no cloak)
rCorr   .            (no gloves)
SInv    .            (boots unavailable)
Will    .....        (no amulet)
Stlth   ++           k - +6 ring of dexterity
HPRegen 0.27/turn    (no ring)
MPRegen 0.00/turn

%: infuse magic (-1 HP)
@: weak-willed, flying, wreathed by umbra
A: sickness immunity, fire resistance 2, cold vulnerability 1, float, innate
caster, HP casting, extra vitality 1
a: Renounce Religion


You were in a sewer.
You worshipped Dithmenos.
Dithmenos was aware of your devotion.
You visited 1 branch of the dungeon, and saw 3 of its levels.
You also visited: Sewer.

You collected 119 gold pieces.

Inventory:

Hand Weapons
 a - a +0 rapier (weapon)
Missiles
 d - 3 throwing nets
 e - a javelin
 f - 2 poisoned darts (quivered)
 g - 3 boomerangs
Armour
 b - a +0 leather armour (worn)
 c - a +0 helmet (worn)
Jewellery
 k - a +6 ring of dexterity (left hand)
Scrolls
 j - 2 scrolls of vulnerability
 m - a scroll of identify
 p - 2 scrolls of teleportation
 q - a scroll of noise
Potions
 n - 4 potions of enlightenment


   Skills:
 + Level 2.3 Fighting
 * Level 5.9 Short Blades
 - Level 1.5 Throwing
 + Level 3.6 Dodging


You knew the following spells:

 Your Spells              Type           Power      Damage    Failure   Level
a - Magic Dart            Conj           0%         1d3       45%         1
b - Scorch                Fire           0%         2d5       61%         2
Your spell library was empty.

Dungeon Overview and Level Annotations

Branches:
Dungeon (3/15)              Sewer (1/1)

Altars:
Dithmenos
Nemelex Xobeh


Innate Abilities, Weirdness & Mutations

You are immune to sickness and miasma.
You are immune to poison.
Your flesh is very heat resistant. (rF++)
You are vulnerable to cold. (rC-)
You float through the air rather than walking.
You learn spells naturally, not from books.
Your magical power is your life essence.
You have superior vitality. (+4 MHP)


Message History

The adder completely misses you.
The malarious merfolk avatar chants a haunting song.
You are mesmerised by the malarious merfolk avatar!
You cannot move away from the malarious merfolk avatar!
You cannot move away from the malarious merfolk avatar!
You miss the adder.
You are no longer entranced.
The adder's inner flame fades away.
The adder closely misses you.
The malarious merfolk avatar chants a haunting song.
You resist.
You hit the adder.
The adder is severely wounded.
The adder bites you.
You hit the adder but do no damage.
The adder is severely wounded.
The crocodile's inner flame fades away.
The malarious merfolk avatar chants a haunting song.
You resist. The adder closely misses you.
You miss the adder.
The adder is severely wounded.
The adder barely misses you.
The malarious merfolk avatar chants a haunting song.
You resist.
You puncture the adder!
You kill the adder!
Dithmenos accepts your kill.
The malarious merfolk avatar's inner flame fades away.
The malarious merfolk avatar chants a haunting song.
You are mesmerised by the malarious merfolk avatar!
You hit the crocodile.
The crocodile is severely wounded.
You break out of your daze!
The crocodile bites you!
* * * LOW HITPOINT WARNING * * *
The crocodile drags you backwards!
You closely miss the crocodile.
The crocodile is severely wounded.
The malarious merfolk avatar chants a haunting song.
You resist. The crocodile bites you!
You die...

≈≈≈≈≈≈≈≈ ≈≈≈≈≈≈~# ##########
≈≈≈≈≈~.+ #....†.##. ≈≈≈≈~~.# ####
#.#####.#. ≈≈≈≈~~.# #..#
#†#≈≈##.## ≈≈≈≈~~.# #..#
##≈~~#≈#.#≈ ≈≈≈~~~~###..#
####≈~~##≈#.#~
≈~~~~~~~~#..########≈≈≈~~..#≈~~#~
~~~~~~~~~~~m~lll@≈≈≈#~~...####~~~
≈~~~~~~~~#..#########~...## ##~.
≈≈≈~~~~###..# #≈~†....### ###
≈≈≈≈~~~# ##.## #†~###### ≈≈≈≈≈~##
#..###..# ≈≈≈≈≈≈~ ##.....##
≈≈≈≈≈≈≈ ####### ≈≈≈≈≈≈


You could see a crocodile (weak-willed), a malarious merfolk avatar
(weak-willed) and 2 frilled lizards.

Vanquished Creatures
  A crocodile (Sewer)
  A sickly merfolk siren (Sewer)
  7 gnolls (D:2)
  2 adders
  A river rat (Sewer)
  A dart slug (D:1)
  3 endoplasms
  6 giant cockroaches
  5 goblins
  5 hobgoblins
  3 jackals (D:1)
  8 kobolds
  7 quokkas
  9 ball pythons
  6 frilled lizards
  24 rats
89 creatures vanquished.

Notes
Turn   | Place    | Note
-------+----------+-------------------------------------------
     0 | D:1      | TacoSundae the Djinni Gladiator began the quest for the
                  | Orb.
     0 | D:1      | Reached XP level 1. HP: 18/18 MP: 0/0
    51 | D:1      | Reached skill level 3 in Short Blades
    98 | D:1      | Reached XP level 2. HP: 23/23 MP: 0/0
   342 | D:1      | Reached XP level 3. HP: 19/28 MP: 0/0
   342 | D:1      | Learned a level 1 spell: Magic Dart
   731 | D:2      | Reached skill level 4 in Short Blades
   896 | D:2      | Reached XP level 4. HP: 33/33 MP: 0/0
  1122 | D:2      | Reached XP level 5. HP: 13/38 MP: 0/0
  1122 | D:2      | Learned a level 2 spell: Scorch
  1131 | D:2      | Reached skill level 5 in Short Blades
  1287 | D:2      | Found a sparkling altar of Nemelex Xobeh.
  1521 | D:3      | Found a shadowy altar of Dithmenos.
  1547 | D:3      | Became a worshipper of Dithmenos the Shadowed
  1584 | D:3      | Found a glowing drain.
  1640 | Sewer    | Entered a sewer
  1814 | Sewer    | Reached * piety under Dithmenos
  1837 | Sewer    | Reached XP level 6. HP: 43/43 MP: 0/0
  1864 | Sewer    | Noticed a crocodile
  1877 | Sewer    | Killed a crocodile
  2024 | Sewer    | Noticed a crocodile
  2058 | Sewer    | Slain by a crocodile

Illustrated notes

Levels and vault maps discovered:
D:1:      lightli_arrival_lavapool, layout_basic, serial_bayou_pond_e,
          minmay_misc_feat_hallway, corexii_leaking_fountain
D:2:      layout_rooms, basic_altar, nicolae_grassy_gnolls
D:3:      layout_loops_ring, grunt_dithmenos_smoke_and_mirrors,
          gup_sewer_entry_pipe, uniq_crazy_yiuf_cottage
Sewer:    sewer_sea

Skill      XL: |  1  2  3  4  5 |
---------------+----------------+-----
Short Blades   | 3 4 5 |  5.9
Fighting       | |  2.3
Throwing       | |  1.5
Dodging        | |  3.6

Action                     |  1- 3 |  4- 6 || total
---------------------------+-------+-------++-------
  Melee: Rapier            |    95 |   163 ||   258
         Punch             |     1 |     4 ||     5
    Use: Potion            |       |     6 ||     6
         Scroll            |       |     5 ||     5
   Stab: Sleeping          |     3 |     2 ||     5
 Armour: Leather armour    |    42 |    66 ||   108
         Skin              |       |     4 ||     4
  Dodge: Dodged            |    54 |   101 ||   155
